 Dungeon Crawl Stone Soup version 0.31-a0-1074-g0b22e4e0f1 (webtiles) character file.

Game seed: 3627973694217672393

178 BigPumpCobain the Ruffian (level 5, -7/46 HPs)
             Began as a Troll Shapeshifter on Dec 3, 2023.
             Mangled by an iguana (11 damage)
             ... on level 4 of the Dungeon.
             The game lasted 00:03:59 (1772 turns).

BigPumpCobain the Ruffian (Troll Shapeshifter)      Turns: 1772, Time: 00:04:00

Health: -7/46      AC:  4    Str: 24    XL:     5   Next: 32%
Magic:  4/4        EV:  9    Int:  6    God:
Gold:   233        SH:  0    Dex:  9    Spells: 4/4 levels left

rFire   . .          .
                       - Unarmed
rCold   + . .        (no shield)
rNeg    . . .        a - +0 animal skin
rPois   .            (helmet currently unavailable)
rElec   .            (cloak currently unavailable)
rCorr   .            (gloves unavailable)
SInv    .            (boots unavailable)
Will    .....        (no amulet)
Stlth   +            h - ring of protection from cold
HPRegen 1.07/turn    (no ring)
MPRegen 0.09/turn

%: no passive effects
@: beast-form
A: beast (slay +2), large, unfitting armour, claws 3, regeneration 1, shaggy fur
1, tough skin 1
a: Begin Untransformation


You were on level 4 of the Dungeon.
You were a hulking beast.
You visited 1 branch of the dungeon, and saw 4 of its levels.

You collected 233 gold pieces.

Inventory:

Armour
 a - a +0 animal skin (worn)
 e - a +2 cloak
 i - a +2 hat
Jewellery
 h - a ring of protection from cold (left claw)
 j - a ring of see invisible
Talismans
 c - a beast talisman
 d - a flux talisman
 k - a maw talisman
Scrolls
 m - 2 scrolls of vulnerability {unknown}
 o - a scroll of immolation {unknown}
 p - a scroll of enchant armour {unknown}
Potions
 b - a potion of lignification
 f - 4 potions of curing {unknown}
 g - a potion of attraction {unknown}
 l - a potion of mutation {unknown}
 n - a potion of ambrosia {unknown}
 q - a potion of magic {unknown}


   Skills:
 - Level 0.8 Fighting
 - Level 1.6 Dodging
 + Level 4.9 Unarmed Combat
 + Level 4.3 Shapeshifting


You had 4 spell levels left.
You didn't know any spells.
Your spell library contained the following spells:

 Spells                   Type           Power      Damage    Failure   Level
 Apportation              Tloc           0%         N/A       45%         1
 Sting                    Tmut/Pois      0%         1d3       45%         1
 Blink                    Tloc           0%         N/A       58%         2
 Cigotuvi's Dreadful Rot  Necr/Pois/Air  0%         N/A       58%         2
 Poisonous Vapours        Pois/Air       0%         N/A       58%         2
 Ignite Poison            Fire/Tmut/Pois 0%         N/A       83%         3
 Animate Dead             Necr           0%         N/A       99%         4
 Olgreb's Toxic Radiance  Pois           0%         N/A       99%         4
 Freezing Cloud           Conj/Ice/Air   0%         6-21      100%        5


Dungeon Overview and Level Annotations

Branches:
Dungeon (4/15)
 Temple: D:4-7

Altars:
Uskayaw
Vehumet

Annotations:
D:4 2 transporters, Fodor's ghost, amateur MiFi


Innate Abilities, Weirdness & Mutations

You are a hulking beast.
Your limbs bulge with bestial killing power. (Slay +2)
You are too large for most types of armour.
You have claws for hands.
Your natural rate of healing is unusually fast.
You are covered in fur. (AC +1)
You have tough skin. (AC +1)


Message History

You are too injured to fight recklessly!
You are too injured to fight recklessly!
You are too injured to fight recklessly!
You are too injured to fight recklessly!
You are too injured to fight recklessly!
The iguana bites you!
* * * LOW HITPOINT WARNING * * *
The ogre attacks as it pursues you! The ogre barely misses you.
You barely miss the iguana. The iguana misses you.
You claw the ogre!
The ogre is heavily wounded.
The iguana barely misses you. The ogre barely misses you.
You claw the ogre!
You kill the ogre!
The iguana misses you.
Your Shapeshifting skill increases to level 4!
You have reached level 5!
You claw the dart slug!
The dart slug is almost dead.
The iguana closely misses you. The dart slug completely misses you.
You scratch the dart slug.
The dart slug is almost dead.
The iguana closely misses you.
You claw the dart slug!
You kill the dart slug!
The iguana barely misses you.
You scratch the iguana but do no damage.
The iguana bites you!
* * * LOW HITPOINT WARNING * * *
You barely miss the iguana. The iguana bites you.
* * * LOW HITPOINT WARNING * * *
You scratch the iguana but do no damage.
You claw the iguana!
The iguana is severely wounded.
The iguana bites you.
* * * LOW HITPOINT WARNING * * *
You scratch the iguana.
The iguana is almost dead.
The iguana bites you!
You die...

###############
.....?........$
...............
...............
...............
...............
...##..l)......
#...h.......
#.....##....
##....# ...
#.....# ..
#.....#########
#.............#
##....##......#
##....##......#
#.....##...####


You could see an iguana.

Vanquished Creatures
  An ogre (D:4)
  3 adders
  A worm (D:4)
  4 dart slugs
  An orc (D:3)
  3 bats
  4 endoplasms
  6 giant cockroaches
  5 goblins
  4 hobgoblins
  4 jackals (D:2)
  A quokka (D:1)
  A ball python (D:1)
  7 frilled lizards
  4 kobolds
  7 rats
56 creatures vanquished.

Notes
Turn   | Place    | Note
-------+----------+-------------------------------------------
     0 | D:1      | BigPumpCobain the Troll Shapeshifter began the quest for
                  | the Orb.
     0 | D:1      | Reached XP level 1. HP: 18/18 MP: 0/0
   193 | D:1      | Reached XP level 2. HP: 26/26 MP: 1/1
   558 | D:2      | Reached XP level 3. HP: 31/32 MP: 2/2
   818 | D:2      | Found a radiant altar of Vehumet.
  1005 | D:3      | Got the Tome of the Blink Frog and Shades
  1105 | D:3      | Reached XP level 4. HP: 32/40 MP: 3/3
  1274 | D:3      | Found a hide-covered altar of Uskayaw.
  1372 | D:3      | Found a faded altar of an unknown god.
  1533 | D:4      | Found a transporter.
  1533 | D:4      | Found a transporter.
  1533 | D:4      | Noticed Fodor's ghost (amateur MiFi)
  1752 | D:4      | Noticed an ogre
  1764 | D:4      | Killed an ogre
  1765 | D:4      | Reached XP level 5. HP: 11/46 MP: 4/4
  1772 | D:4      | Mangled by an iguana

Illustrated notes

Levels and vault maps discovered:
D:1:      wander_arrival_lonely_grave, layout_basic
D:2:      layout_loops_cross, basic_altar
D:3:      layout_basic, old_standard_altar,
          dreamdust_ecumenical_altar_angels_and_demons
D:4:      layout_gridville, gammafunk_ghost_mausoleum

Skill      XL: |  1  2  3  4 |
---------------+-------------+-----
Unarmed Combat | 4 |  4.9
Shapeshifting  | 4 |  4.3
Fighting       | |  0.8
Dodging        | |  1.6

Action                     |  1- 3 |  4- 6 || total
---------------------------+-------+-------++-------
  Melee: Unarmed           |    96 |    42 ||   138
         Punch             |     1 |       ||     1
 Armour: Animal skin       |    60 |    24 ||    84
  Dodge: Dodged            |    34 |    21 ||    55

Table legend: (Time is in decaauts)
 A = Elapsed time spent in this place.
 B = Non-inter-level travel time spent in this place.
 C = Inter-level travel time spent in this place.
 D = Time resting spent in this place.
 E = Time spent auto-exploring this place.
 F = Levels seen in this place.
 G = Mean time per level.
                   A        B        C        D        E       F      G
               +--------+--------+--------+--------+--------+-----+--------+
         Total |   1760 |   1684 |     76 |      0 |   1343 |   4 |  440.0 |
       Dungeon |   1760 |   1684 |     76 |      0 |   1343 |   4 |  440.0 |
               +--------+--------+--------+--------+--------+-----+--------+

Top non-repeatable levels by time:
     D:2: 622 daAuts
     D:3: 484 daAuts
     D:1: 347 daAuts
     D:4: 306 daAuts
